 Dungeon Crawl Stone Soup version 0.31.0-9-g3a7656b989 (webtiles) character file.

Game seed: 10811407602714759874

99 qw the Shooter (level 4, 0/25 HPs)
             Began as a Deep Elf Hunter on Feb 2, 2024.
             Incinerated by a bombardier beetle (1 damage)
             ... with a burning spray
             ... on level 4 of the Dungeon.
             The game lasted 00:00:05 (1803 turns).

qw the Shooter (Deep Elf Hunter)                    Turns: 1803, Time: 00:00:05

Health: 0/25       AC:  5    Str: 10    XL:     4   Next: 45%
Magic:  6/6        EV: 11    Int: 14    God:
Gold:   34         SH:  0    Dex: 18    Spells: 3/3 levels left

rFire   + + .        a - +0 shortbow
rCold   . . .        (shield currently unavailable)
rNeg    . . .        b - +0 ring mail
rPois   .            (no helmet)
rElec   .            (no cloak)
rCorr   .            (no gloves)
SInv    .            (no boots)
Will    .....        (no amulet)
Stlth   +            f - ring of protection from fire
HPRegen 0.24/turn    g - ring of protection from fire
MPRegen 0.10/turn

%: no passive effects
@: on fire, glowing
A: no striking features
a: no special abilities


You were on level 4 of the Dungeon.
You visited 1 branch of the dungeon, and saw 4 of its levels.

You collected 130 gold pieces.
You spent 96 gold pieces at shops.


   Skills:
 - Level 1.5 Fighting
 + Level 7.9 Ranged Weapons
 - Level 2.4 Dodging
 - Level 1.2 Stealth


You had 3 spell levels left.
You didn't know any spells.
Your spell library was empty.

Inventory:

Hand Weapons
 a - a +0 shortbow (weapon)
Armour
 b - a +0 ring mail (worn)
 c - a +0 cloak
Jewellery
 f - a ring of protection from fire (left hand)
 g - a ring of protection from fire (right hand)
Scrolls
 h - 4 scrolls of identify {unknown}
Potions
 d - a potion of mutation {unknown}
 e - a potion of heal wounds

Dungeon Overview and Level Annotations

Branches:
Dungeon (4/15)
 Temple: D:4-7

Altars:

Shops:
D:2 [


Message History

The bombardier beetle is almost dead.
The liquid fire burns you!
The bombardier beetle sprays incendiary fluid at you.
The burning spray hits you.
You are even more covered in liquid fire!
You shoot an arrow.
The arrow hits the bombardier beetle but does no damage.
The bombardier beetle is almost dead.
The liquid fire burns you!
You shoot an arrow. The arrow hits the bombardier beetle!
You kill the bombardier beetle!
The liquid fire burns you!
You have reached level 4!
You feel clever.
You are on fire!
The liquid fire burns you!
You are on fire!
The liquid fire burns you!
You are on fire!
The liquid fire burns you!
You are on fire!
The liquid fire burns you!
You are on fire!
The liquid fire burns you!
You are on fire!
The liquid fire burns you!
You are on fire!
The liquid fire burns you!
You are on fire!
The liquid fire burns you!
You are on fire!
The liquid fire burns you!
You are on fire!
The liquid fire burns you!
You are on fire!
The liquid fire burns you!
You are on fire!
The liquid fire burns you!
You are on fire!
The liquid fire burns you!
You die...

..... #...
#... ##..
#... # ##.>#
.# #...# ..
#.#.# #@..#
........%...#
....#.....).#
.. #.......#
..........
.........###
..#.......#
####.......#


There were no monsters in sight!

Vanquished Creatures
  A bombardier beetle (D:4)
  A gnoll (D:1)
  2 adders
  3 bats (D:1)
  6 endoplasms
  2 giant cockroaches (D:1)
  A goblin (D:1)
  2 hobgoblins (D:1)
  5 quokkas
  5 ball pythons
  2 frilled lizards (D:1)
  3 kobolds
  4 rats
  A spectral goblin (D:1)
38 creatures vanquished.

Notes
Turn   | Place    | Note
-------+----------+-------------------------------------------
     0 | D:1      | qw the Deep Elf Hunter began the quest for the Orb.
     0 | D:1      | Reached XP level 1. HP: 12/12 MP: 3/3
     0 | D:1      | 0 ||| qw: Version: 0.3-a-155-g5e7d8dd
     0 | D:1      | 0 ||| qw: Game counter: 1563
     0 | D:1      | 0 ||| qw: Melee chars always use a shield: true
     0 | D:1      | 0 ||| qw: God list: Okawaru
     0 | D:1      | 0 ||| qw: Allow faded altars: false
     0 | D:1      | 0 ||| qw: Do Orc after clearing Dungeon:15 true
     0 | D:1      | 0 ||| qw: Do second Lair branch before Depths: true
     0 | D:1      | 0 ||| qw: Lair rune preference: random
     0 | D:1      | 0 ||| qw: Goals: Normal
     0 | D:1      | 0 ||| PLANNING D:1-11
    54 | D:1      | Reached skill level 6 in Ranged Weapons
    54 | D:1      | Reached XP level 2. HP: 16/16 MP: 4/4
   368 | D:1      | Reached XP level 3. HP: 20/20 MP: 5/5
   624 | D:1      | Found a faded altar of an unknown god.
   920 | D:1      | 920 ||| READING scroll labelled FAONEPS QOZUSE.
   958 | D:1      | 958 ||| READING 2 scrolls labelled TIUKLANTI FUNI.
   959 | D:1      | 959 ||| READING scroll labelled REYWKEITZA.
   960 | D:1      | 960 ||| DROPPING scroll of butterflies.
   961 | D:1      | 961 ||| DROPPING scroll of noise.
  1121 | D:2      | Found Raruxaa's Antique Armour Emporium.
  1133 | D:2      | 1133 ||| SHOPLISTING dyed leather armour (120 gold, have
                  | 99).
  1133 | D:2      | 1133 ||| SHOPLISTING pair of boots (108 gold, have 99).
  1133 | D:2      | 1133 ||| BUYING ring mail (96 gold).
  1133 | D:2      | Bought a ring mail for 96 gold pieces
  1254 | D:2      | Reached skill level 7 in Ranged Weapons
  1605 | D:2      | 1605 ||| UPGRADING to +0 ring mail.
  1615 | D:2      | 1615 ||| DROPPING +0 leather armour.
  1616 | D:2      | 1616 ||| UPGRADING to ring of protection from fire.
  1617 | D:2      | 1617 ||| UPGRADING to ring of protection from fire.
  1618 | D:2      | 1618 ||| DRINKING 2 smoky coppery potions.
  1762 | D:3      | You fall into a shaft and drop 1 floor!
  1775 | D:4      | HP: 4/20 [bombardier beetle (4)]
  1776 | D:4      | 1776 ||| DRINKING 2 potions of heal wounds.
  1791 | D:4      | Reached XP level 4. HP: 11/25 MP: 6/6
  1795 | D:4      | HP: 6/25 [burnt (1)]
  1800 | D:4      | HP: 3/25 [burnt (1)]
  1802 | D:4      | HP: 1/25 [burnt (2)]
  1803 | D:4      | Incinerated by a bombardier beetle

Levels and vault maps discovered:
D:1:      spicycebolla_arrival_xxxplode, layout_loops_corners,
          dreamdust_ecumenical_altar_drowned_temple
D:2:      layout_loops_ring, serial_shops, nicolae_shop_tiny_statue_garden
D:3:      layout_basic
D:4:      layout_rooms, hellmonk_sif_muna_bookshelves,
          nicolae_overflow_hallway_of_the_gods,
          minmay_temple_entry_statues_pillars, ebering_ghost_sewer_f,
          minmay_fire_ice_demons

Skill      XL: |  1  2  3 |
---------------+----------+-----
Ranged Weapons | 6 7 |  7.9
Fighting       | |  1.5
Dodging        | |  2.4
Stealth        | |  1.2

Action                     |  1- 3 |  4- 6 || total
---------------------------+-------+-------++-------
   Fire: Shortbow          |   109 |       ||   109
    Use: Scroll            |     3 |       ||     3
         Potion            |     2 |       ||     2
 Armour: Leather armour    |     8 |       ||     8
         Ring mail         |    13 |       ||    13
  Dodge: Dodged            |    25 |       ||    25

Table legend:
 A = Non-vault XP
 B = Vault XP
 C = Vault XP percentage of total XP
 D = Non-vault monster count
 E = Vault monster count
 F = Vault count percentage of total count
                 A         B        C        D         E       F
            +---------+---------+-------+---------+---------+-------
      Total |     141 |       1 |   0.7 |      37 |       1 |   2.6
            +---------+---------+-------+---------+---------+-------
        D:1 |      57 |       1 |   1.7 |      28 |       1 |   3.4
        D:2 |      16 |       0 |   0.0 |       3 |       0 |   0.0
        D:3 |       6 |       0 |   0.0 |       4 |       0 |   0.0
        D:4 |      62 |       0 |   0.0 |       2 |       0 |   0.0
            +---------+---------+-------+---------+---------+-------
